[Event "Saturday 21 April Rapid Engine Tour 12+1 Rounds 9 Starts 1600ST"]
[Site "Infinity Chess"]
[Date "2018.4.21"]
[Round "1"]
[White "Susanne"]
[Black "star99"]
[Result "1/2-1/2"]
[ECO "C42"]
[WhiteElo "2529"]
[BlackElo "2450"]
[WhiteEngine "asmFishW_IX_bmi2_CTG"]
[BlackEngine "Cryptic Heroes 9.4B"]
[EventType "Swiss"]
[WhiteTeam ""]
[BlackTeam ""]
[PlyCount "145"]
[TimeControl "720+1"]

1. e4 e5 2. Nf3 Nf6 3. Nxe5 d6 4. Nf3 Nxe4 5. d4 d5 6. Bd3 Nc6 7. O-O Be7 
8. Nbd2 Nd6 9. c3 Bf5 10. Be2 O-O 11. Re1 a5 12. a4 Nb8 13. Nf1 c6 14. Ng3 Bg6 
15. Ne5 Nd7 16. Nxg6 hxg6 17. Bf4 Re8 18. Bd3 Nf8 19. Nf1 Bg5 20. Rxe8 Nxe8 
21. Bd2 Ne6 22. g3 Qb6 23. Bxg5 Nxg5 24. Qc2 Nf6 25. h4 Nge4 26. Nd2 Nxd2 
27. Qxd2 Re8 28. Kf1 Qd8 29. Re1 Rxe1+ 30. Qxe1 Qb6 31. Qd2 Qb3 32. Qc2 Qa2 
33. Ke2 b6 34. Kf1 Qa1+ 35. Kg2 Qe1 36. Qe2 Qxe2 37. Bxe2 Kf8 38. Bd3 c5 
39. Kf3 Ke7 40. Bb5 c4 41. Ba6 Ne4 42. Ke3 Nd6 43. Bb5 Ke6 44. Bc6 Nf5+ 
45. Kd2 Nd6 46. Ke3 Ne4 47. g4 Nd6 48. Kf4 Ne4 49. Ke3 Nd6 50. Kf3 Ne4 
51. Kg2 Kd6 52. Bb5 Ke6 53. Kf3 g5 54. hxg5 Nxg5+ 55. Ke3 g6 56. f3 Kd6 
57. f4 Ne6 58. Kf3 Nc7 59. Kg3 f6 60. Kf3 f5 61. g5 Ke7 62. Ke3 Ke6 63. Bc6 Kd6 
64. Bb7 b5 65. axb5 Nxb5 66. Kd2 a4 67. Bc8 a3 68. bxa3 Nxa3 69. Bb7 Nb1+ 
70. Kc2 Na3+ 71. Kd2 Nb1+ 72. Kc2 Na3+ 73. Kd2 1/2-1/2

[Event "Saturday 28 April Rapid Engine Tour 12+1 Rounds 9 Starts 1600ST"]
[Site "Infinity Chess"]
[Date "2018.4.28"]
[Round "9"]
[White "hafaba"]
[Black "star99"]
[Result "1/2-1/2"]
[ECO "B90"]
[WhiteElo "2398"]
[BlackElo "2452"]
[WhiteEngine "Eman 1.70-beta21 64-bit POPCNT_CTG"]
[BlackEngine "Cryptic Heroes 9.4B"]
[EventType "Swiss"]
[WhiteTeam ""]
[BlackTeam ""]
[PlyCount "79"]
[TimeControl "720+1"]

1. e4 c5 2. Nf3 d6 3. d4 cxd4 4. Nxd4 Nf6 5. Nc3 a6 6. Be3 b6 7. Bc4 e6 
8. f3 Bb7 9. a3 b5 10. Bb3 Nc6 11. Qe2 Be7 12. h4 O-O 13. h5 Na5 14. g4 Nxb3 
15. Nxb3 Rc8 16. O-O-O Nd7 17. Kb1 Ne5 18. h6 g6 19. Bd4 f6 20. Nd2 Qc7 
21. Qe3 Bd8 22. Qe2 g5 23. Be3 Qc6 24. f4 gxf4 25. Bxf4 Ng6 26. Be3 Ba5 
27. Bd4 Ba8 28. Nb3 Bxc3 29. Bxc3 Qxe4 30. Qd2 Bd5 31. Nd4 Qf4 32. Qe2 Ne5 
33. Rhf1 Qg5 34. Rg1 Rxc3 35. bxc3 Kh8 36. Qf2 Rb8 37. Rdf1 Rf8 38. Rd1 Rb8 
39. Rdf1 Rf8 40. Rd1 1/2-1/2

[Event "Saturday 28 April Rapid Engine Tour 12+1 Rounds 9 Starts 1600ST"]
[Site "Infinity Chess"]
[Date "2018.4.28"]
[Round "9"]
[White "Eman"]
[Black "Dovahkiin"]
[Result "1/2-1/2"]
[ECO "C50"]
[WhiteElo "2453"]
[BlackElo "2372"]
[WhiteEngine "Eman 1.70-beta27 64-bit BMI2"]
[BlackEngine "BrainFish_180423_x64_modern_CTG"]
[EventType "Swiss"]
[WhiteTeam ""]
[BlackTeam ""]
[PlyCount "89"]
[TimeControl "720+1"]

1. e4 e5 2. Nf3 Nc6 3. Bc4 Bc5 4. d3 Nf6 5. c3 d6 6. h3 O-O 7. O-O a5 8. Re1 h6 
9. Bb3 Bb6 10. Nbd2 Be6 11. Ba4 Nd7 12. Nf1 f5 13. exf5 Bxf5 14. d4 exd4 
15. cxd4 Kh8 16. Ng3 Bh7 17. Be3 Nb4 18. a3 Nd5 19. Bc2 Qf6 20. Bd2 Qf7 
21. Kh2 Ne7 22. Re2 Bxc2 23. Qxc2 Rfe8 24. Ne4 d5 25. Ng3 Nc6 26. Qd3 Rxe2 
27. Nxe2 Ne7 28. Re1 Ng6 29. g3 Re8 30. Kg2 c6 31. Nc1 Nf6 32. Rxe8+ Qxe8 
33. Qb3 Nd7 34. Be3 Ne7 35. Qd3 Bc7 36. Ne2 Ng6 37. h4 Kg8 38. a4 Nf6 
39. Qf5 Ne4 40. h5 Nf8 41. Ne5 Nd6 42. Qh3 Ne4 43. Qf5 Nd6 44. Qf3 Ne4 45. Qf5 
1/2-1/2

[Event "Saturday 28 April Rapid Engine Tour 12+1 Rounds 9 Starts 1600ST"]
[Site "Infinity Chess"]
[Date "2018.4.28"]
[Round "9"]
[White "Ryzen"]
[Black "Medusa"]
[Result "1/2-1/2"]
[ECO "A05"]
[WhiteElo "2373"]
[BlackElo "2462"]
[WhiteEngine "Houdini 6"]
[BlackEngine "Eman 1.70-beta23 64-bit POPCNT"]
[EventType "Swiss"]
[WhiteTeam ""]
[BlackTeam ""]
[PlyCount "117"]
[TimeControl "720+1"]

1. Nf3 Nf6 2. Ng1 e5 3. e3 d5 4. d4 exd4 5. exd4 Bd6 6. Nf3 O-O 7. Be2 c6 
8. O-O Re8 9. c4 h6 10. Nc3 dxc4 11. Bxc4 Nbd7 12. Re1 Nb6 13. Rxe8+ Qxe8 
14. Bd3 Be6 15. h3 Qe7 16. Bd2 Nc4 17. Bc1 Nb6 18. Bd2 Bc4 19. Bxc4 Nxc4 
20. Qf1 Nxd2 21. Nxd2 Re8 22. Nf3 Qd7 23. g3 g5 24. Kg2 Kg7 25. Re1 Rxe1 
26. Qxe1 Qf5 27. Qe2 Nd5 28. Qe8 a5 29. Ne4 Be7 30. Nc3 Nxc3 31. Qxe7 Qe4 
32. Qxe4 Nxe4 33. Ne5 Nd6 34. Kf3 f5 35. Nd7 Kf7 36. Nb6 Ke7 37. h4 Kf6 
38. hxg5+ hxg5 39. Ke3 Ke7 40. d5 cxd5 41. Nxd5+ Ke6 42. Nb6 g4 43. Kf4 Ne4 
44. f3 gxf3 45. Kxf3 Kf6 46. b3 Nc3 47. a4 Ne4 48. Nc4 b6 49. Kf4 Nc5 
50. Nxb6 Nd3+ 51. Kf3 Nc5 52. Nd5+ Ke5 53. Ne3 Kf6 54. g4 Nxb3 55. Nxf5 Nc5 
56. Ne3 Nxa4 57. Nc4 Nc5 58. Nxa5 Nd3 59. Nc4 1/2-1/2

[Event "Saturday 28 April Rapid Engine Tour 12+1 Rounds 9 Starts 1600ST"]
[Site "Infinity Chess"]
[Date "2018.4.28"]
[Round "9"]
[White "KQRBNP"]
[Black "Gilgamesch"]
[Result "1/2-1/2"]
[ECO "D30"]
[WhiteElo "2308"]
[BlackElo "2487"]
[WhiteEngine "Eman 1.70-beta27 64-bit POPCNT"]
[BlackEngine "BrainFish_180408_x64_bmi2"]
[EventType "Swiss"]
[WhiteTeam ""]
[BlackTeam ""]
[PlyCount "127"]
[TimeControl "720+1"]

1. d4 d5 2. c4 e6 3. Nf3 Nf6 4. g3 Bb4+ 5. Bd2 Be7 6. Bg2 c6 7. O-O O-O 
8. Qc2 b6 9. Ne5 Bb7 10. Rd1 Nbd7 11. cxd5 cxd5 12. Nc6 Bxc6 13. Qxc6 a6 
14. Bf4 Qc8 15. Qc3 Qb7 16. Qd3 b5 17. Nc3 Rac8 18. e4 dxe4 19. Nxe4 Qb6 
20. Rac1 Rfd8 21. Nc3 b4 22. Na4 Qb5 23. Qb3 Nd5 24. Bd2 h6 25. Re1 N7f6 
26. Bf1 Qb7 27. Qd3 a5 28. Bg2 Rxc1 29. Rxc1 Qa7 30. a3 Nc7 31. axb4 axb4 
32. b3 Qa5 33. Bf4 Nb5 34. Bf1 Nc3 35. Nxc3 bxc3 36. Qxc3 Qxc3 37. Rxc3 Nd5 
38. Rd3 Nxf4 39. gxf4 Kf8 40. Bg2 Bd6 41. d5 Bxf4 42. b4 Ke7 43. b5 Bc7 
44. Rc3 Bb6 45. dxe6 fxe6 46. Rc6 Rd1+ 47. Bf1 Bd4 48. Rc2 Rb1 49. Kg2 e5 
50. f3 h5 51. h4 Bb6 52. Bd3 Rb3 53. Rc6 Rxd3 54. Rxb6 e4 55. fxe4 Re3 
56. e5 Rxe5 57. Rb8 Kd6 58. b6 Kc6 59. b7 Rb5 60. Kf2 Rxb7 61. Rxb7 Kxb7 
62. Kf3 g6 63. Ke3 Kc6 64. Kf4 1/2-1/2

[Event "Saturday 28 April Rapid Engine Tour 12+1 Rounds 9 Starts 1600ST"]
[Site "Infinity Chess"]
[Date "2018.4.28"]
[Round "9"]
[White "ocirema"]
[Black "Murx"]
[Result "0-1"]
[ECO "C53"]
[WhiteElo "2414"]
[BlackElo "2503"]
[WhiteEngine "asmFishW_2018-04-25_popcnt_CTG"]
[BlackEngine "asmFishW_2018-04-07_popcnt"]
[EventType "Swiss"]
[WhiteTeam ""]
[BlackTeam ""]
[PlyCount "67"]
[TimeControl "720+1"]

1. e4 e5 2. Nf3 Nc6 3. Bc4 Bc5 4. c3 Nf6 5. d3 d6 6. O-O a5 7. Bg5 Ba7 8. a4 h6 
9. Bh4 g5 10. Bg3 Ne7 11. Re1 Ng6 12. d4 Qe7 13. Na3 Nh7 14. Nd2 h5 15. h3 h4 
16. Bh2 g4 17. hxg4 Nf6 18. Nb5 Nxg4 19. Nxa7 Rxa7 20. Qf3 Rh7 21. Be2 Qg5 
22. Nc4 f6 23. Ne3 Nxe3 24. Qxe3 Qxe3 25. fxe3 Nh8 26. Kf2 Nf7 27. Bf3 Be6 
28. c4 Ke7 29. Rh1 Ra8 30. c5 dxc5 31. Rac1 b6 32. dxc5 Ng5 33. Rhd1 Rb8 
34. cxb6 0-1

[Event "Saturday 28 April Rapid Engine Tour 12+1 Rounds 9 Starts 1600ST"]
[Site "Infinity Chess"]
[Date "2018.4.28"]
[Round "9"]
[White "KhalidOmar"]
[Black "Deep_Impact"]
[Result "0-1"]
[ECO "C55"]
[WhiteElo "2459"]
[BlackElo "2496"]
[WhiteEngine "Eman 1.70-beta27 64-bit BMI2"]
[BlackEngine "asmFishW_2018-04-24_bmi2"]
[EventType "Swiss"]
[WhiteTeam ""]
[BlackTeam ""]
[PlyCount "226"]
[TimeControl "720+1"]

1. e4 e5 2. Nf3 Nc6 3. Bc4 Nf6 4. d3 Bc5 5. Nc3 h6 6. O-O O-O 7. Na4 Be7 
8. a3 d6 9. Nc3 Be6 10. Re1 Bg4 11. h3 Bh5 12. Nd5 Nxd5 13. Bxd5 Bxf3 
14. Qxf3 Nd4 15. Qd1 c6 16. Bc4 Bg5 17. c3 Bxc1 18. Rxc1 Ne6 19. d4 Ng5 
20. a4 Qc7 21. d5 a5 22. Qd3 Nh7 23. Rcd1 Rfd8 24. g3 Nf6 25. Kg2 Qd7 
26. Qe2 Qc7 27. Qd3 Rac8 28. Re3 Rb8 29. b3 Nd7 30. Rb1 Nc5 31. Qe2 Kh8 
32. h4 f6 33. Ra1 b5 34. axb5 cxb5 35. Bxb5 Nxb3 36. Ra3 Nc5 37. c4 Ra8 
38. Qg4 Kg8 39. Rf3 Rf8 40. Ra1 a4 41. Rfa3 Ra7 42. Qf3 Rfa8 43. R1a2 Qb6 
44. h5 Ra5 45. Bc6 Rb8 46. Bxa4 Qb1 47. Ra1 Qb2 48. R1a2 Qb1 49. Ra1 Qb2 
50. R3a2 Qd4 51. Qe2 Ra7 52. Bb5 Qxa1 53. Rxa1 Rxa1 54. Kh3 Rba8 55. Bc6 R1a2 
56. Qg4 Rd8 57. Qf5 Kh8 58. Qf3 Rc2 59. Bb5 Rb2 60. Kg4 Ra8 61. Bc6 Rf8 
62. Kh3 Rfb8 63. Bb5 Ra8 64. Bc6 Raa2 65. Qg4 Rb8 66. f3 Nd3 67. Qd7 Nf2+ 
68. Kh4 Ra1 69. g4 Ra3 70. Qf5 Nd3 71. Kg3 Ne1 72. Bb5 Nxf3 73. Qxf3 Rba8 
74. Kf2 Rxf3+ 75. Kxf3 Ra3+ 76. Kf2 Kg8 77. Bc6 Kf7 78. Bd7 Ke7 79. Bb5 Kd8 
80. Ke2 Kc7 81. c5 dxc5 82. Bd3 Kd6 83. Kd2 Ra4 84. Kc3 Ra2 85. Bc2 c4 
86. Bd1 Kc5 87. Bc2 Ra3+ 88. Kd2 Kd6 89. Bd1 Rd3+ 90. Kc1 Re3 91. Bc2 Rg3 
92. Bd1 Rg2 93. Kb1 Rg1 94. Kc2 Re1 95. Bf3 Re3 96. Bd1 Rxe4 97. Kc3 Kc5 
98. d6 Re3+ 99. Kb2 Kxd6 100. Ba4 Kc5 101. g5 fxg5 102. Bd7 Kd4 103. Bc8 c3+ 
104. Kc1 Re2 105. Bg4 Rd2 106. Kb1 e4 107. Ka1 e3 108. Bf3 e2 109. Bxe2 Rxe2 
110. Kb1 Kc4 111. Kc1 g4 112. Kd1 Kd3 113. Kc1 Re1# 0-1

[Event "Saturday 28 April Rapid Engine Tour 12+1 Rounds 9 Starts 1600ST"]
[Site "Infinity Chess"]
[Date "2018.4.28"]
[Round "9"]
[White "KRAKEN"]
[Black "Thinker"]
[Result "1-0"]
[ECO "A46"]
[WhiteElo "2559"]
[BlackElo "2436"]
[WhiteEngine "Raubfisch ME262_GTZ17b2_CTG"]
[BlackEngine "BrainFish_180418_x64_modern_CTG"]
[EventType "Swiss"]
[WhiteTeam ""]
[BlackTeam ""]
[PlyCount "124"]
[TimeControl "720+1"]

1. d4 Nf6 2. Nf3 d5 3. c4 e6 4. Nc3 Be7 5. Bf4 O-O 6. e3 Nbd7 7. c5 c6 8. Bd3 b6 
9. b4 a5 10. a3 Nh5 11. Be5 f6 12. Bg3 axb4 13. axb4 Rxa1 14. Qxa1 bxc5 
15. bxc5 e5 16. O-O Qc7 17. Bf5 g6 18. Be6+ Kg7 19. Bh4 g5 20. Bg3 Nxg3 
21. hxg3 e4 22. Nd2 f5 23. Rb1 f4 24. Nf1 Bf6 25. gxf4 gxf4 26. exf4 Qxf4 
27. Ne2 Qc7 28. Qa3 Bh4 29. Nfg3 Bg5 30. Ra1 Kg6 31. Qa8 Bb7 32. Bf5+ Kf7 
33. Qa5 Qxa5 34. Rxa5 Nf6 35. Ra7 Rb8 36. f4 exf3 37. gxf3 Ke8 38. f4 Bh6 
39. Bd3 Bf8 40. Kf2 Kd8 41. Kg2 Kc7 42. Kh3 Ra8 43. Rxa8 Bxa8 44. Kh4 Kd8 
45. Ba6 Bh6 46. Nf5 Bf8 47. Neg3 Ne8 48. Kg5 Nc7 49. Be2 Ne6+ 50. Kf6 Nxf4 
51. Kf7 Ng6 52. Bh5 Bb7 53. Bxg6 hxg6 54. Kxf8 gxf5 55. Nxf5 Bc8 56. Ne7 Bh3 
57. Nxc6+ Kc7 58. Nb4 Kd7 59. Nxd5 Kc6 60. Ne3 Bc8 61. Ke7 Ba6 62. Ke6 Be2 1-0

[Event "Saturday 28 April Rapid Engine Tour 12+1 Rounds 9 Starts 1600ST"]
[Site "Infinity Chess"]
[Date "2018.4.28"]
[Round "8"]
[White "Dovahkiin"]
[Black "ocirema"]
[Result "1/2-1/2"]
[ECO "C50"]
[WhiteElo "2370"]
[BlackElo "2416"]
[WhiteEngine "BrainFish_180423_x64_modern_CTG"]
[BlackEngine "asmFishW_2018-04-25_popcnt_CTG"]
[EventType "Swiss"]
[WhiteTeam ""]
[BlackTeam ""]
[PlyCount "141"]
[TimeControl "720+1"]

1. e4 e5 2. Nf3 Nc6 3. Bc4 Bc5 4. O-O Nf6 5. d3 O-O 6. c3 d6 7. Bg5 a5 
8. Nbd2 h6 9. Bh4 Ba7 10. a3 Kh7 11. b4 g5 12. Bg3 g4 13. Nh4 Nh5 14. Bb3 Qf6 
15. Nc4 Nxg3 16. hxg3 h5 17. bxa5 Qg5 18. Kh2 Bc5 19. a4 Bd7 20. a6 Rxa6 
21. Ne3 Bxe3 22. fxe3 f6 23. Qe2 Ra7 24. d4 b6 25. Rf2 Ne7 26. Raf1 Raa8 
27. Qc4 Ra7 28. Qd3 Raa8 29. Ra1 Ra5 30. Qc4 Ra7 31. Raf1 Bc8 32. Kh1 Bd7 
33. Kh2 Kg7 34. Qd3 Rb7 35. Ra2 Ra7 36. Raf2 Rb7 37. Qa6 Rbb8 38. Qe2 Ra8 
39. Qc4 Ra7 40. Re1 Kh8 41. Qd3 Kg7 42. Kg1 Kh6 43. c4 Kh7 44. c5 Ng6 45. Nf5 h4 
46. Qc4 hxg3 47. Nxg3 Bc8 48. cxb6 cxb6 49. Nf1 Ba6 50. Qe6 Bxf1 51. Kxf1 Re7 
52. Qxd6 Qh5 53. dxe5 Rxe5 54. Ke2 g3+ 55. Rf3 Qh2 56. Qd7+ Kh6 57. Qh3+ Qxh3 
58. gxh3 g2 59. Rg1 Rxe4 60. Bc2 Rb4 61. Bxg6 Rb2+ 62. Kd1 Kxg6 63. Rg3+ Kf7 
64. R3xg2 Rxg2 65. Rxg2 Rh8 66. Rg4 Rxh3 67. Rb4 Rxe3 68. Rxb6 Ra3 69. Rb4 f5 
70. Kc2 Ra1 71. Kb2 1/2-1/2

[Event "Saturday 28 April Rapid Engine Tour 12+1 Rounds 9 Starts 1600ST"]
[Site "Infinity Chess"]
[Date "2018.4.28"]
[Round "8"]
[White "Thinker"]
[Black "Ryzen"]
[Result "1/2-1/2"]
[ECO "B27"]
[WhiteElo "2439"]
[BlackElo "2370"]
[WhiteEngine "BrainFish_180418_x64_modern_CTG"]
[BlackEngine "Houdini 6"]
[EventType "Swiss"]
[WhiteTeam ""]
[BlackTeam ""]
[PlyCount "127"]
[TimeControl "720+1"]

1. e4 c5 2. Nf3 g6 3. Nc3 Bg7 4. d4 cxd4 5. Nxd4 Nc6 6. Be3 Nf6 7. Bc4 O-O 
8. Bb3 a5 9. O-O d6 10. Ndb5 a4 11. Nxa4 Nxe4 12. Qe2 Nf6 13. Rad1 Be6 
14. Bxe6 Rxa4 15. Bb3 Re4 16. f3 Re5 17. a4 Bh6 18. f4 Re4 19. Nc3 Rb4 20. g4 g5 
21. fxg5 Bxg5 22. h3 Bxe3+ 23. Qxe3 Qb6 24. Qxb6 Rxb6 25. g5 Nd7 26. Nd5 Ra6 
27. h4 Ra5 28. c3 Nc5 29. Bc4 Nxa4 30. b4 Rxd5 31. Bxd5 Nxc3 32. Rd2 Nxd5 
33. Rxd5 Nxb4 34. Rb5 Nd3 35. Rxb7 Re8 36. Kg2 h6 37. gxh6 Ne5 38. Kg3 Kh7 
39. Kf4 Kxh6 40. Kf5 Kh5 41. Rc7 Ng4 42. Ke4 f6 43. Kf4 d5 44. Rd7 e6 
45. Rd6 Ne5 46. Rg1 Ng6+ 47. Kf3 Nxh4+ 48. Kf2 f5 49. Rd7 Kh6 50. Rf7 e5 
51. Rf6+ Kh5 52. Rf7 Rh8 53. Rfg7 Kh6 54. Re7 e4 55. Re6+ Kh5 56. Ke3 f4+ 
57. Kxf4 Rf8+ 58. Ke3 Nf5+ 59. Kd2 Nd4 60. Re5+ Rf5 61. Rxf5+ Nxf5 62. Kc3 d4+ 
63. Kd2 Ne3 64. Rg8 1/2-1/2

[Event "Saturday 28 April Rapid Engine Tour 12+1 Rounds 9 Starts 1600ST"]
[Site "Infinity Chess"]
[Date "2018.4.28"]
[Round "8"]
[White "KQRBNP"]
[Black "Eman"]
[Result "1/2-1/2"]
[ECO "D02"]
[WhiteElo "2302"]
[BlackElo "2459"]
[WhiteEngine "Eman 1.70-beta27 64-bit POPCNT"]
[BlackEngine "Eman 1.70-beta27 64-bit BMI2"]
[EventType "Swiss"]
[WhiteTeam ""]
[BlackTeam ""]
[PlyCount "71"]
[TimeControl "720+1"]

1. d4 d5 2. Nf3 e6 3. c4 Nf6 4. Nc3 dxc4 5. e4 Bb4 6. Bg5 c5 7. Bxc4 h6 
8. Bxf6 Qxf6 9. O-O cxd4 10. Nb5 Qe7 11. Qxd4 O-O 12. Nxa7 Bc5 13. Nxc8 Rxc8 
14. Qd2 Bxf2+ 15. Rxf2 Rxc4 16. Ne5 Rca4 17. Nxf7 Rxa2 18. Rxa2 Rxa2 
19. Qd8+ Qxd8 20. Nxd8 Ra4 21. Nxe6 Nd7 22. Re2 Kf7 23. Nc7 Nc5 24. e5 Ke7 
25. g3 g5 26. Kg2 Rc4 27. Kh3 Nd3 28. Rd2 Ne1 29. Nd5+ Ke6 30. Ne3 Re4 
31. Ng4 h5 32. Rd6+ Ke7 33. Rd7+ Ke6 34. Rd6+ Ke7 35. Rd7+ Ke6 36. Rd6+ 1/2-1/2

[Event "Saturday 28 April Rapid Engine Tour 12+1 Rounds 9 Starts 1600ST"]
[Site "Infinity Chess"]
[Date "2018.4.28"]
[Round "8"]
[White "Gilgamesch"]
[Black "hafaba"]
[Result "1/2-1/2"]
[ECO "B90"]
[WhiteElo "2491"]
[BlackElo "2394"]
[WhiteEngine "BrainFish_180408_x64_bmi2"]
[BlackEngine "Eman 1.70-beta21 64-bit POPCNT_CTG"]
[EventType "Swiss"]
[WhiteTeam ""]
[BlackTeam ""]
[PlyCount "119"]
[TimeControl "720+1"]

1. e4 c5 2. Nf3 d6 3. d4 cxd4 4. Nxd4 Nf6 5. Nc3 a6 6. Be3 e5 7. Nb3 Be6 
8. Be2 Be7 9. Qd3 O-O 10. O-O Nbd7 11. Nd5 Bxd5 12. exd5 Ne8 13. a4 Bg5 
14. a5 Rc8 15. c4 f5 16. f4 exf4 17. Bxf4 Bxf4 18. Rxf4 g6 19. Nd4 Ng7 
20. Qd2 Re8 21. b4 Qg5 22. Rd1 Nf6 23. g3 Ngh5 24. Rf3 Qxd2 25. Rxd2 Ne4 
26. Rc2 Nhf6 27. Rb3 Ng5 28. c5 dxc5 29. bxc5 Nxd5 30. c6 bxc6 31. Bxa6 Ra8 
32. Rxc6 Kh8 33. h4 Ne4 34. Rb5 Ndc3 35. Rb7 Rad8 36. Re6 Nc5 37. Rxe8+ Rxe8 
38. Rc7 Nxa6 39. Rxc3 Re1+ 40. Kh2 Ra1 41. Ne6 Kg8 42. Kh3 Rxa5 43. Rc8+ Kf7 
44. Ng5+ Ke7 45. Nxh7 Nc5 46. Rc7+ Nd7 47. Ng5 Kd6 48. Rb7 Kc6 49. Rb1 Ne5 
50. Rb2 Ra3 51. Ne6 Nf3 52. Nf4 g5 53. hxg5 Nxg5+ 54. Kh4 Nf3+ 55. Kh5 Nd4 
56. Rb4 Kc5 57. Rb2 Rxg3 58. Ne2 Rg2 59. Nxd4 Rxb2 60. Nxf5 1/2-1/2

[Event "Saturday 28 April Rapid Engine Tour 12+1 Rounds 9 Starts 1600ST"]
[Site "Infinity Chess"]
[Date "2018.4.28"]
[Round "8"]
[White "KhalidOmar"]
[Black "Murx"]
[Result "1/2-1/2 "]
[ECO "C50"]
[WhiteElo "2457"]
[BlackElo "2505"]
[WhiteEngine "Eman 1.70-beta27 64-bit BMI2"]
[BlackEngine "asmFishW_2018-04-07_popcnt"]
[EventType "Swiss"]
[WhiteTeam ""]
[BlackTeam ""]
[PlyCount "246"]
[TimeControl "720+1"]

1. e4 e5 2. Nf3 Nc6 3. Bc4 Bc5 4. d3 Nf6 5. Nc3 h6 6. O-O O-O 7. Na4 Be7 
8. a3 d6 9. Nc3 Bg4 10. h3 Bh5 11. Be3 Qc8 12. Kh1 Nd4 13. Bxd4 exd4 
14. Nd5 Nxd5 15. Bxd5 c6 16. Bb3 Qc7 17. a4 Bxf3 18. Qxf3 Rae8 19. Qg3 Kh8 
20. Rae1 Bd8 21. f4 Qd7 22. Qf2 Bb6 23. Qf3 f5 24. Kh2 Bc7 25. g3 Re7 
26. Re2 Rfe8 27. Rfe1 Ba5 28. Rb1 Bb6 29. Rf1 g6 30. Rfe1 Ba5 31. Rf1 Qd8 
32. Kh1 d5 33. e5 Rg7 34. Rg2 g5 35. Qh5 Rf8 36. h4 Rh7 37. Rh2 Qe7 
38. hxg5 hxg5 39. Qxh7+ Qxh7 40. Rxh7+ Kxh7 41. Kg2 Kg7 42. fxg5 Kg6 43. Rh1 Rf7 
44. Kf3 Kxg5 45. Rh8 Kg6 46. Re8 Bb4 47. Kf4 Bd2+ 48. Kf3 f4 49. e6 Rh7 
50. gxf4 Kf6 51. Ra8 a6 52. Re8 a5 53. Kg4 Rg7+ 54. Kf3 Rh7 55. Kg4 Bb4 
56. Rg8 Kxe6 57. Rg5 Be7 58. Re5+ Kf6 59. Rf5+ Kg6 60. Re5 Bf6 61. Re8 Rh4+ 
62. Kf3 Kf5 63. Rb8 Rxf4+ 64. Ke2 Rh4 65. Rxb7 Rh2+ 66. Kf1 Ke6 67. Ra7 Bd8 
68. Rg7 Be7 69. Rg8 Rh1+ 70. Rg1 Rh2 71. Rg8 Rh1+ 72. Rg1 Rh3 73. Ke2 Bb4 
74. Kd1 Rh2 75. Kc1 Ke5 76. Kb1 Kd6 77. Rg5 Re2 78. Ka2 Rh2 79. Rg7 Rd2 
80. Rg6+ Kc5 81. Re6 Rf2 82. Rg6 Rf5 83. Rg7 Be1 84. Rg1 Bb4 85. Rg6 Rf1 
86. Rg7 Be1 87. Rg2 Bb4 88. Rg3 Bd2 89. Rg2 Bb4 90. Rg6 Be1 91. Re6 Rh1 
92. Re2 Kd6 93. Re8 Bb4 94. Rd8+ Kc5 95. Rf8 Rh6 96. Rg8 Rh2 97. Rg6 Re2 
98. Rg7 Kb6 99. Rg6 Kc5 100. Kb1 Bd2 101. Rg4 Re1+ 102. Ka2 Re6 103. Rg8 Re2 
104. Rg7 Be1 105. Rg6 Bh4 106. Rg8 Re6 107. c3 dxc3 108. bxc3 Kb6 109. Kb1 Re3 
110. Kc2 Bf6 111. d4 Bh4 112. Kd2 Rh3 113. Rg2 Bf6 114. Bd1 Rh6 115. Bf3 c5 
116. Rg4 cxd4 117. cxd4 Kc6 118. Kd3 Rh3 119. Rf4 Bg7 120. Rf5 Kb6 121. Kc3 Bh6 
122. Rf6+ Kc7 123. Kd3 Bg7 1/2-1/2

[Event "Saturday 28 April Rapid Engine Tour 12+1 Rounds 9 Starts 1600ST"]
[Site "Infinity Chess"]
[Date "2018.4.28"]
[Round "8"]
[White "star99"]
[Black "KRAKEN"]
[Result "0-1"]
[ECO "C50"]
[WhiteElo "2465"]
[BlackElo "2546"]
[WhiteEngine "Cryptic Heroes 9.4B"]
[BlackEngine "Raubfisch ME262_GTZ17b2_CTG"]
[EventType "Swiss"]
[WhiteTeam ""]
[BlackTeam ""]
[PlyCount "224"]
[TimeControl "720+1"]

1. e4 e5 2. Nf3 Nc6 3. Bc4 Bc5 4. d3 Nf6 5. c3 O-O 6. O-O d6 7. a4 a6 8. b4 Ba7 
9. Bg5 h6 10. Bh4 g5 11. Bg3 Ne7 12. Nbd2 Kg7 13. d4 Nh5 14. dxe5 Nxg3 
15. hxg3 dxe5 16. Re1 Ng6 17. Nf1 g4 18. N3h2 Qg5 19. Qc1 Qxc1 20. Raxc1 h5 
21. Ne3 Bd7 22. Bb3 Ne7 23. Nhf1 Rfd8 24. Red1 Be8 25. a5 f6 26. Rb1 Bg6 
27. Bc2 Bf7 28. Rdc1 Kh6 29. Rd1 Rac8 30. Ba4 Kg5 31. Bd7 Rb8 32. Ba4 Bg8 
33. Bc2 Be6 34. Ba4 f5 35. exf5 Nxf5 36. Bc2 Kf6 37. Rbc1 c5 38. Be4 cxb4 
39. cxb4 Rxd1 40. Rxd1 Nd4 41. Kh2 Nc6 42. Rc1 Rc8 43. Rb1 Rd8 44. Rc1 Rd6 
45. Kg1 Bf7 46. Kh2 Be6 47. Kg1 Bd4 48. Nc4 Rd8 49. Nce3 Nxb4 50. Bxb7 Nd3 
51. Rc7 Nc5 52. Bc6 Bb3 53. Bb7 Nxb7 54. Rxb7 Ba4 55. Rc7 Rd6 56. Nc2 Ke6 
57. Nb4 Bb5 58. Rc2 Kd7 59. Rc1 Bb2 60. Rb1 Bc3 61. Ne3 Ke6 62. Nec2 Rd7 
63. Ne3 Rd4 64. Nec2 Rd8 65. f3 Ba4 66. Ne1 Bd4+ 67. Kh2 Bb5 68. Ned3 Ba7 
69. Rb3 Rc8 70. Kh1 Bd4 71. Kh2 Kd6 72. Rb1 Rc3 73. Ne1 Kc5 74. Nbc2 Bf2 
75. Rd1 e4 76. fxe4 Bc4 77. Na1 Bxg3+ 78. Kh1 Be5 79. Nac2 h4 80. Rd7 Kb5 
81. Rh7 Bg3 82. Rb7+ Kc5 83. Rg7 Bb3 84. e5 Kd5 85. Rd7+ Kxe5 86. Rd3 Rxc2 
87. Nxc2 Bxc2 88. Rd8 Be4 89. Kg1 Be1 90. Rd1 Bxa5 91. Ra1 Bb6+ 92. Kh2 Kf5 
93. Rxa6 g3+ 94. Kh1 Bd4 95. Ra5+ Be5 96. Kg1 h3 97. gxh3 Kf4 98. Ra4 Bd6 
99. Rc4 Kf3 100. Rc3+ Ke2 101. Rc4 Kd3 102. Rxe4 Kxe4 103. Kg2 Kf4 104. h4 Bf8 
105. h5 Bh6 106. Kf1 Kf3 107. Ke1 g2 108. Kd1 g1=Q+ 109. Kc2 Qb6 110. Kd3 Qc6 
111. Kd4 Bg7+ 112. Kd3 Qc3# 0-1

[Event "Saturday 28 April Rapid Engine Tour 12+1 Rounds 9 Starts 1600ST"]
[Site "Infinity Chess"]
[Date "2018.4.28"]
[Round "8"]
[White "Deep_Impact"]
[Black "Medusa"]
[Result "1/2-1/2"]
[ECO "C50"]
[WhiteElo "2497"]
[BlackElo "2461"]
[WhiteEngine "asmFishW_2018-04-24_bmi2"]
[BlackEngine "Eman 1.70-beta23 64-bit POPCNT"]
[EventType "Swiss"]
[WhiteTeam ""]
[BlackTeam ""]
[PlyCount "81"]
[TimeControl "720+1"]

1. e4 e5 2. Nf3 Nc6 3. Bc4 Bc5 4. O-O Nf6 5. d3 d6 6. c3 O-O 7. Bg5 a5 8. a4 h6 
9. Bh4 g5 10. Bg3 Kg7 11. Na3 Ne7 12. Re1 Ng6 13. d4 exd4 14. cxd4 Bb4 
15. Re2 c6 16. Bd3 d5 17. e5 Nh5 18. Nc2 Be7 19. h3 Nhf4 20. Re3 Be6 21. Bf1 Qb6 
22. Nce1 Bf5 23. Rb3 Qa7 24. Nc2 Rad8 25. Ne3 Be4 26. Nxg5 Bxg5 27. f3 f5 
28. exf6+ Rxf6 29. fxe4 dxe4 30. Kh1 Ne6 31. Nc2 c5 32. d5 Nd4 33. Nxd4 cxd4 
34. h4 Bxh4 35. Bxh4 Nxh4 36. Qg4+ Ng6 37. Qxe4 Rf4 38. Qe6 Rf6 39. Qe4 Rf4 
40. Qe6 Rf6 41. Qe4 1/2-1/2

[Event "Saturday 28 April Rapid Engine Tour 12+1 Rounds 9 Starts 1600ST"]
[Site "Infinity Chess"]
[Date "2018.4.28"]
[Round "7"]
[White "ocirema"]
[Black "Ryzen"]
[Result "1-0"]
[ECO "B27"]
[WhiteElo "2401"]
[BlackElo "2385"]
[WhiteEngine "asmFishW_2018-04-25_popcnt_CTG"]
[BlackEngine "Houdini 6"]
[EventType "Swiss"]
[WhiteTeam ""]
[BlackTeam ""]
[PlyCount "157"]
[TimeControl "720+1"]

1. e4 c5 2. Nf3 g6 3. c4 Bh6 4. Nc3 Nc6 5. d4 Bxc1 6. Rxc1 cxd4 7. Nxd4 d6 
8. Be2 Nf6 9. Nc2 Be6 10. Qd2 O-O 11. O-O Qa5 12. Ne3 a6 13. Rfd1 Rfc8 
14. Ncd5 Bxd5 15. Qxa5 Nxa5 16. cxd5 b5 17. f3 Nd7 18. Kf2 Nb7 19. b4 Nd8 
20. Rxc8 Rxc8 21. Rd3 Kf8 22. Ra3 Nb8 23. Ke1 e6 24. Kd2 f5 25. exf5 exf5 
26. f4 Nf7 27. Ra5 Nd8 28. Nc2 Kf7 29. Ra3 Kf6 30. Nd4 Nf7 31. g3 Nd8 
32. Nxb5 axb5 33. Ra8 Nf7 34. Bxb5 g5 35. a4 gxf4 36. gxf4 Nh8 37. a5 Ng6 
38. Ke3 Ne7 39. Kd4 Kf7 40. Ra7 Rc1 41. Rb7 Rd1+ 42. Kc4 Rc1+ 43. Kd3 Rc8 
44. Kd4 Kf8 45. Rb6 Rd8 46. Bc4 Kf7 47. b5 Ke8 48. Bd3 h5 49. a6 Nd7 
50. Rxd6 Nc8 51. Re6+ Kf7 52. Bxf5 Ndb6 53. Be4 Kf8 54. f5 h4 55. Kc5 Na4+ 
56. Kb4 Nab6 57. d6 Nxd6 58. Kc5 Na4+ 59. Kc6 Nf7 60. a7 Ng5 61. Rf6+ Ke7 
62. Rg6 Rc8+ 63. Kb7 Rd8 64. Bc6 Rf8 65. Kc7 h3 66. b6 Nc5 67. b7 Nxb7 
68. Bxb7 Rxf5 69. a8=Q Ne6+ 70. Rxe6+ Kxe6 71. Qe8+ Kf6 72. Kd6 Kg7 73. Be4 Rf7 
74. Qe5+ Kh6 75. Qg3 Rf6+ 76. Ke7 Rf5 77. Bxf5 Kh5 78. Qg6+ Kh4 79. Qg4# 1-0